 Dungeon Crawl Stone Soup version 0.26.0-18-gc5c842f807 (webtiles) character file.

Game seed: 3792398639139540560

513 kaeus the Skirmisher (level 7, 0/55 HPs)
             Began as a Demonspawn Fighter on Jan 22, 2021.
             Slain by an ogre
             ... wielding a +0 giant spiked club
              (19 damage)
             ... on level 4 of the Dungeon.
             The game lasted 00:02:30 (3047 turns).

kaeus the Skirmisher (Demonspawn Fighter)           Turns: 3047, Time: 00:02:31

Health: 0/55       AC:  9    Str: 19    XL:     7   Next: 0%
Magic:  7/7        EV:  5    Int:  9    God:
Gold:   214        SH:  9    Dex: 12    Spells: 6/6 levels left

rFire    . . .     SeeInvis .   a - +0 war axe
rCold    . . .     Faith    .   c - +0 kite shield
rNeg     . . .     Spirit   .   h - +0 chain mail
rPois    .         Reflect  .   (no helmet)
rElec    .         Harm     .   (no cloak)
rCorr    .         Rampage  .   (no gloves)
Will     .....                  (no boots)
Stlth    ..........             (no amulet)
HPRegen  0.18/turn              (no ring)
MPRegen  0.10/turn              (no ring)

@: no status effects
A: talons 2
a: no special abilities


You were on level 4 of the Dungeon.
You visited 1 branch of the dungeon, and saw 4 of its levels.

You collected 214 gold pieces.

Inventory:

Hand Weapons
 a - a +0 war axe (weapon)
Armour
 c - a +0 kite shield (worn)
 h - a +0 chain mail (worn)
Scrolls
 e - 7 scrolls of identify {unknown}
 j - 5 scrolls of teleportation
 k - a scroll of amnesia {unknown}
 l - 3 scrolls of magic mapping {unknown}
 n - a scroll of remove curse
 q - 3 scrolls of noise {unknown}
 r - a scroll of fear {unknown}
Potions
 b - a potion of resistance {unknown}
 d - a potion of might
 f - a potion of curing
 g - 2 potions of magic {unknown}
 i - a potion of mutation {unknown}
 m - a potion of degeneration {unknown}
 o - 2 potions of attraction {unknown}
 p - a potion of invisibility {unknown}


   Skills:
 + Level 4.7 Fighting
 + Level 3.7 Axes
 + Level 4.2 Armour
 + Level 4.2 Shields


You had 6 spell levels left.
You didn't know any spells.
Your spell library contained the following spells:

 Spells                   Type           Power        Failure   Level
 Corona                   Hex            0%           100%        1
 Ensorcelled Hibernation  Hex/Ice        0%           100%        2
 Confusing Touch          Hex            0%           100%        3
 Dazzling Flash           Conj/Hex       0%           100%        3
 Tukima's Dance           Hex            0%           100%        3


Dungeon Overview and Level Annotations

Branches:
Dungeon (4/15)
 Temple: D:4-7

Altars:
Ashenzari
Cheibriados
Ru


Innate Abilities, Weirdness & Mutations

You have razor-sharp toenails.


Message History

The ogre is moderately wounded.
You hit the orc but do no damage. You closely miss the orc.
You block the orc's attack. The orc barely misses you.
The ogre barely misses you.
You hit the ogre.
The ogre is moderately wounded.
You barely miss the orc. You hit the orc.
You kill the orc!
The orc hits you but does no damage. The ogre hits you but does no damage.
You block the orc's attack.
You have reached level 7!
Your demonic ancestry asserts itself...
Your toenails lengthen and sharpen.
You regained 3 hp, and now have 19/55 hp.
MP restored: 7 You barely miss the ogre.
The ogre is moderately wounded.
You hit the orc but do no damage. The orc barely misses you.
The ogre hits you with a +0 giant spiked club!!
You die...

#...# #...# #...########
#...##.....#
#...##.....#
#...##.....#
#.O.##.....#########
#.o@................
#!†)##.....##.......
..!..>.................
..###...#......##.......
#...#......##.......
#####...)..##.......
#..............#
#<[............#
#..............#


You could see an ogre and an orc.

Vanquished Creatures
  Grinder (D:4)
  An ogre (D:4)
  A scorpion (D:4)
  A hound (D:4)
  2 orc wizards (D:4)
  2 hound skeletons (D:4)
  An ooze (D:2)
  3 worms (D:2)
  A dart slug (D:1)
  A leopard gecko (D:1)
  3 orcs
  4 bats
  2 giant cockroaches
  7 goblins
  8 hobgoblins
  3 jackals (D:2)
  8 kobolds
  A quokka (D:2)
  2 ball pythons (D:2)
  A frilled lizard (D:1)
  8 rats
61 creatures vanquished.

Notes
Turn   | Place    | Note
-------+----------+-------------------------------------------
     0 | D:1      | kaeus the Demonspawn Fighter began the quest for the Orb.
     0 | D:1      | Reached XP level 1. HP: 18/18 MP: 1/1
   324 | D:1      | Gained mutation: You have sharp toenails. [demonic
                  | ancestry]
   324 | D:1      | Reached XP level 2. HP: 24/24 MP: 2/2
  1029 | D:2      | Reached XP level 3. HP: 28/29 MP: 3/3
  1688 | D:2      | Found a sacrificial altar of Ru.
  1688 | D:2      | Found a snail-covered altar of Cheibriados.
  2279 | D:3      | Found a broken altar of Ashenzari.
  2303 | D:3      | Reached XP level 4. HP: 35/35 MP: 4/4
  2655 | D:4      | Noticed an ogre
  2661 | D:4      | Killed an ogre
  2662 | D:4      | Reached XP level 5. HP: 26/42 MP: 5/5
  2772 | D:4      | Noticed Grinder
  2783 | D:4      | Paralysed by Grinder for 2 turns
  2791 | D:4      | Paralysed by Grinder for 5 turns
  2798 | D:4      | Killed Grinder
  2799 | D:4      | Reached XP level 6. HP: 16/49 MP: 6/6
  3047 | D:4      | Gained mutation: You have razor-sharp toenails. [demonic
                  | ancestry]
  3047 | D:4      | Reached XP level 7. HP: 19/55 MP: 7/7
  3047 | D:4      | Slain by an ogre

Illustrated notes

Levels and vault maps discovered:
D:1:      dpeg_cavernosity, layout_basic
D:2:      layout_loops_ring, gammafunk_temple_overflow_statue,
          grunt_ministairs_13, minmay_misc_feat_diagonals, minmay_pentomino_v4
D:3:      layout_basic, minmay_misc_feat_doors, minmay_misc_feat_ornament,
          kennysheep_small_spiral, lemuel_altar_in_water
D:4:      layout_basic, nicolae_overflow_hidden_temple, corexii_hall_statues_l,
          uniq_blork_the_orc, uniq_grinder, uniq_duvessa

Skill      XL: |  1  2  3  4  5 |
---------------+----------------+-----
Axes           | 2 3 |  3.7
Armour         | 3 4 |  4.2
Shields        | 3 4 |  4.2
Fighting       | 4 |  4.7

Action                   |  1- 3 |  4- 6 |  7- 9 || total
-------------------------+-------+-------+-------++-------
Melee: War axe           |   118 |    48 |     1 ||   167
       Kick              |    27 |    18 |       ||    45
  Use: Scroll            |     2 |       |       ||     2
       Potion            |       |     1 |       ||     1
Armor: Chain mail        |    73 |    25 |       ||    98
       Scale mail        |     1 |       |       ||     1
Dodge: Dodged            |    12 |    15 |     1 ||    28
Block: Kite shield       |    57 |    27 |       ||    84
